 Dungeon Crawl Stone Soup version 0.28.0-53-g5a82cb258f (webtiles) character file.

Game seed: 5445288679599515012

127 Gabide the Skirmisher (level 4, 0/38 HPs)
             Began as a Mummy Berserker on June 29, 2022.
             Was a Follower of Trog.
             Slain by a kobold brigand
             ... wielding a +0 short sword
              (10 damage)
             ... on level 2 of the Dungeon.
             The game lasted 00:04:11 (3017 turns).

Gabide the Skirmisher (Mummy Berserker)             Turns: 3017, Time: 00:04:12

Health: 0/38       AC:  5    Str: 22    XL:     4   Next: 85%
Magic:  4/4        EV: 11    Int:  6    God:    Trog [*.....]
Gold:   107        SH:  0    Dex: 11    Spells: 3/3 levels left

rFire   x . .      SeeInvis .     - Unarmed
rCold   + . .      Faith    .   (no shield)
rNeg    + + +      Spirit   .   a - +0 ring mail
rPois   ∞          Reflect  .   (no helmet)
rElec   .          Harm     .   (no cloak)
rCorr   .          Rampage  .   (no gloves)
Will    ++...                   (no boots)
Stlth   +.........              (no amulet)
HPRegen 1.12/turn               (no ring)
MPRegen 0.09/turn               (no ring)

@: strong-willed, regenerating
A: cold resistance 1, negative energy resistance 3, torment resistance 2, heat
vulnerability 1, no potions
a: Renounce Religion


You were on level 2 of the Dungeon.
You worshipped Trog.
Trog was aware of your devotion.
You visited 1 branch of the dungeon, and saw 3 of its levels.

You collected 107 gold pieces.

Inventory:

Armour
 a - a +0 ring mail (worn)
Scrolls
 c - a scroll of vulnerability
 d - a scroll of blinking
 e - a scroll of enchant weapon {unknown}


   Skills:
 + Level 4.5 Fighting
 - Level 1.5 Armour
 - Level 1.5 Dodging
 + Level 3.7 Unarmed Combat


You had 3 spell levels left.
You didn't know any spells.
Your spell library was empty.

Dungeon Overview and Level Annotations

Branches:
Dungeon (3/15)

Altars:

Shops:
D:2 :


Innate Abilities, Weirdness & Mutations

You are immune to poison.
Your flesh is cold resistant. (rC+)
You are immune to negative energy. (rN+++)
You are immune to unholy pain and torment.
You are vulnerable to heat. (rF-)
You do not drink.


Message History

You are too injured to fight recklessly!
You are too injured to fight recklessly!
The kobold brigand hits you with a +0 short sword.
The kobold brigand throws a poisoned dart.
The poisoned dart hits you!
Found 17 gold pieces.
The kobold brigand throws a poisoned dart.
The poisoned dart closely misses you.
The kobold brigand throws a poisoned dart.
The poisoned dart hits you!
The kobold brigand throws a poisoned dart.
The poisoned dart closely misses you.
There is a stone staircase leading up here.
The kobold brigand hits you with a +0 short sword.
You climb upwards.
There is a stone staircase leading down here.
Unknown command.
You closely miss the kobold brigand.
The kobold brigand hits you with a +0 short sword.
* * * LOW HITPOINT WARNING * * *
You can't drink.
As you read the scroll labelled AMOSAETUCW, it crumbles to dust.
It is a scroll of identify.
c - a scroll of vulnerability The kobold brigand barely misses you.
The kobold brigand throws a poisoned dart.
The poisoned dart hits you.
The kobold brigand throws a poisoned dart.
The poisoned dart hits you!
You can't drink.
As you read the scroll of identify, it crumbles to dust.
d - a scroll of blinking Your skin crawls.
You feel strong-willed.
You can no longer call upon Trog for regeneration and willpower.
The kobold brigand hits you with a +0 short sword.
* * * LOW HITPOINT WARNING * * *
You closely miss the kobold brigand.
The kobold brigand hits you with a +0 short sword!
You die...

###.........#.# #......!.....#
......##...##.####.##########.#
......##...##.#K.......# #.#
......##...##.#.##.###.# #.#
####..##...##.#.##.# #.# #.#
.......<...'.>..##K# #.# #.#
####..##...#######.# #.# #.#
#...'...+.....#.# #.# #.#
#.###...#####@#.###.# #.#
#...'...'.....K...#.######.###
#####...####....#.#..........#
####...'....#.#........#.#
#.###...##.#†########.# #.#
#...##.#.# #.# #.# #...##.#.#
#.# #.###...##.#.# #.#
#######.......##.#.# #.#


You could see a kobold brigand.

Vanquished Creatures
  A water moccasin skeleton (D:3)
  4 adders
  A gnoll (D:3)
  An orc (D:2)
  4 ball pythons
  2 endoplasms
  A giant cockroach (D:2)
  4 goblins
  3 hobgoblins
  3 kobolds
  A quokka (D:1)
  A bat (D:2)
  3 frilled lizards
  7 rats
36 creatures vanquished.

Notes
Turn   | Place    | Note
-------+----------+-------------------------------------------
     0 | D:1      | Gabide the Mummy Berserker began the quest for the Orb.
     0 | D:1      | Reached XP level 1. HP: 18/18 MP: 1/1
   541 | D:1      | Reached XP level 2. HP: 13/24 MP: 2/2
   732 | D:1      | Found a faded altar of an unknown god.
  1281 | D:2      | Found Okkak's Book Shop.
  1315 | D:2      | Reached XP level 3. HP: 25/29 MP: 3/3
  2022 | D:3      | Noticed a kobold brigand
  2277 | D:2      | Reached skill level 4 in Fighting
  2278 | D:2      | Reached ** piety under Trog
  2444 | D:3      | Reached XP level 4. HP: 33/37 MP: 4/4
  2715 | D:3      | Noticed an ogre
  3017 | D:2      | Slain by a kobold brigand

Illustrated notes

Levels and vault maps discovered:
D:1:      matt_arrival_grand_opening, layout_basic,
          dreamdust_ecumenical_altar_angels_and_demons
D:2:      layout_basic, serial_shops, shop_statue
D:3:      layout_basic

Skill      XL: |  1  2  3 |
---------------+----------+-----
Unarmed Combat | 3 |  3.7
Fighting       | 4 |  4.5
Armour         | |  1.5
Dodging        | |  1.5

Action                   |  1- 3 |  4- 6 || total
-------------------------+-------+-------++-------
Melee: Unarmed           |   152 |    37 ||   189
       Punch             |     2 |     1 ||     3
Invok: Trog's Hand       |       |     1 ||     1
  Use: Scroll            |       |     2 ||     2
Armor: Leather armour    |     3 |       ||     3
       Ring mail         |    49 |     4 ||    53
Dodge: Dodged            |    91 |    21 ||   112
